 Dungeon Crawl Stone Soup version 0.31.0 (webtiles) character file.

Game seed: 3721666436141547349

281 qw the Shooter (level 6, -2/38 HPs)
             Began as a Gargoyle Hunter on Jan 20, 2024.
             Slain by Pikel
             ... wielding a +2 whip of freezing
              (4 damage)
             ... on level 4 of the Dungeon.
             The game lasted 00:00:12 (3201 turns).

qw the Shooter (Gargoyle Hunter)                    Turns: 3201, Time: 00:00:13

Health: -2/38      AC: 14    Str: 15    XL:     6   Next: 27%
Magic:  6/6        EV: 11    Int:  9    God:
Gold:   154        SH:  0    Dex: 15    Spells: 5/5 levels left

rFire   . . .        c - +0 shortbow (freeze)
rCold   . . .        (shield currently unavailable)
rNeg    + + .        i - +0 ring mail
rPois   inf          (no helmet)
rElec   +            (no cloak)
rCorr   .            b - +0 pair of gloves
SInv    .            (no boots)
Will    .....        (no amulet)
Stlth   +            h - ring of positive energy
HPRegen 0.26/turn    g - +4 ring of protection
MPRegen 0.10/turn

%: no passive effects
@: no status effects
A: sickness immunity, AC +4, negative energy resistance 1, electricity
resistance, torment resistance 1, petrification resistance
a: no special abilities


You were on level 4 of the Dungeon.
You visited 1 branch of the dungeon, and saw 4 of its levels.

You collected 154 gold pieces.


Innate Abilities, Weirdness & Mutations

You are immune to sickness and miasma.
Your stone body is resilient. (AC +4)
You are immune to poison.
You resist negative energy. (rN+)
You are resistant to electric shocks. (rElec)
You are resistant to unholy torment.
You are immune to petrification.


   Skills:
 - Level 4.1 Fighting
 + Level 6.4 Ranged Weapons
 - Level 1.1 Armour
 - Level 1.5 Dodging
 - Level 1.1 Stealth


You had 5 spell levels left.
You didn't know any spells.
Your spell library was empty.

Inventory:

Hand Weapons
 c - a +0 shortbow of freezing (weapon)
Armour
 b - a +0 pair of gloves (worn)
 i - a +0 ring mail (worn)
Jewellery
 g - a +4 ring of protection (right hand)
 h - a ring of positive energy (left hand)
 k - a ring of ice
Scrolls
 a - a scroll of teleportation {unknown}
Potions
 d - a potion of enlightenment
 f - 2 potions of curing
 l - a potion of might

Dungeon Overview and Level Annotations

Branches:
Dungeon (4/15)
 Temple: D:4-7

Altars:

Annotations:
D:3 2 transporters, qw's ghost, amateur GrHu
D:4 Pikel


Message History

You shoot an arrow.
The arrow hits Pikel but does no damage.
Pikel is moderately wounded.
You hear a shout!
The lemure hits you but does no damage. Pikel closely misses you.
You shoot an arrow. The arrow hits Pikel.
The arrow freezes Pikel.
Pikel is moderately wounded.
A lemure comes into view.
The lemure hits you but does no damage.
Pikel hits you with a +2 whip of freezing.
Pikel freezes you.
The lemure moves out of view.
You shoot an arrow. The arrow closely misses Pikel.
The lemure barely misses you.
Pikel hits you with a +2 whip of freezing.
Pikel freezes you. The lemure barely misses you.
You shoot an arrow. The arrow completely misses Pikel.
Pikel hits you but does no damage. The lemure hits you.
You shoot an arrow. The arrow barely misses Pikel.
Pikel hits you with a +2 whip of freezing.
Pikel freezes you. The lemure misses you. Pikel hits you but does no damage.
You shoot an arrow.
The arrow hits Pikel but does no damage.
Pikel is moderately wounded.
The lemure closely misses you.
Pikel hits you with a +2 whip of freezing.
Pikel freezes you.
You shoot an arrow.
The arrow hits Pikel but does no damage.
Pikel is moderately wounded.
The lemure hits you.
Pikel hits you with a +2 whip of freezing.
Pikel freezes you.
You shoot an arrow. The arrow barely misses Pikel.
The lemure hits you. Pikel closely misses you.
The lemure hits you but does no damage.
You shoot an arrow. The arrow hits Pikel!
The arrow freezes Pikel.
Pikel is severely wounded.
Pikel hits you with a +2 whip of freezing.
You die...
Pikel says, "See you in Hell!"

#.............
##.............
##..............
#...............
##...............
#...............#
##.#####..)..#####
#..# ####### ##@##
#K5# ##5##########
#.5.........#
#...........#
#...........#
#....5......#
#....5.....##
##....K....#


You could see Pikel and 3 lemures.

Vanquished Creatures
  A lemure (D:4)
  A scorpion (D:4)
  An orc priest (D:3)
  An orc wizard (D:3)
  3 gnolls (D:2)
  3 adders
  2 river rats (D:3)
  2 ufetubi (D:3)
  A ribbon worm (D:2)
  7 dart slugs
  6 orcs (D:3)
  6 bats
  An endoplasm (D:3)
  A giant cockroach (D:3)
  6 goblins
  3 hobgoblins
  3 jackals (D:1)
  3 kobolds
  3 quokkas
  5 ball pythons
  4 frilled lizards
  5 rats
68 creatures vanquished.

Notes
Turn   | Place    | Note
-------+----------+-------------------------------------------
     0 | D:1      | qw the Gargoyle Hunter began the quest for the Orb.
     0 | D:1      | Reached XP level 1. HP: 12/12 MP: 1/1
     0 | D:1      | 0 ||| qw: Version: 0.3-a-132-g3d54051
     0 | D:1      | 0 ||| qw: Game counter: 512
     0 | D:1      | 0 ||| qw: Melee chars always use a shield: true
     0 | D:1      | 0 ||| qw: God list: Okawaru
     0 | D:1      | 0 ||| qw: Allow faded altars: false
     0 | D:1      | 0 ||| qw: Do Orc after clearing Dungeon:15 true
     0 | D:1      | 0 ||| qw: Do second Lair branch before Depths: true
     0 | D:1      | 0 ||| qw: Lair rune preference: random
     0 | D:1      | 0 ||| qw: Goals: Normal
     0 | D:1      | 0 ||| PLANNING D:1-11
    48 | D:1      | Reached XP level 2. HP: 17/17 MP: 2/2
   122 | D:1      | Found a faded altar of an unknown god.
   197 | D:1      | HP: 4/17 [jackal (2)]
   300 | D:1      | Reached XP level 3. HP: 19/21 MP: 3/3
   424 | D:1      | Reached skill level 5 in Ranged Weapons
   685 | D:1      | 685 ||| UPGRADING to ring of positive energy.
   686 | D:1      | 686 ||| READING scroll labelled JEXADD OMUH REMAQO.
   686 | D:1      | 686 ||| ENCHANTING +0 shortbow.
   687 | D:1      | 687 ||| READING scroll labelled TUPHOC RUIRPHA.
   788 | D:1      | 788 ||| READING scroll labelled BIUCKU LIDOIG.
   889 | D:1      | 889 ||| READING scroll labelled HEDAIWI KOQUMI.
   890 | D:1      | 890 ||| DROPPING scroll of butterflies.
   998 | D:2      | 998 ||| FLEEEEING.
  1134 | D:2      | Reached skill level 3 in Fighting
  1134 | D:2      | Reached XP level 4. HP: 28/28 MP: 4/4
  1845 | D:2      | 1845 ||| UPGRADING to +0 pair of gloves.
  1850 | D:2      | 1850 ||| READING 5 scrolls labelled NOAROWKOEVU.
  1850 | D:2      | 1850 ||| IDENTIFYING golden potion
  1851 | D:2      | 1851 ||| READING 4 scrolls of identify.
  1851 | D:2      | 1851 ||| IDENTIFYING puce potion
  1852 | D:2      | 1852 ||| READING 3 scrolls of identify.
  1852 | D:2      | 1852 ||| IDENTIFYING glowing golden potion
  1853 | D:2      | 1853 ||| READING 2 scrolls of identify.
  1853 | D:2      | 1853 ||| IDENTIFYING fuming coppery potion
  1854 | D:2      | 1854 ||| DROPPING potion of magic.
  1908 | D:3      | 1908 ||| PLANNING SEWER
  2005 | D:3      | 2005 ||| FLEEEEING.
  2014 | D:3      | HP: 4/28 [something/magic dart (7)]
  2016 | D:3      | 2016 ||| FLEEEEING.
  2027 | D:3      | 2027 ||| FLEEEEING.
  2027 | D:3      | HP: 6/28 [something (1)]
  2033 | D:3      | 2033 ||| DRINKING 2 potions of curing.
  2033 | D:3      | 2033 ||| (to cure confusion)
  2037 | D:3      | Reached XP level 5. HP: 13/32 MP: 5/5
  2180 | D:3      | Found a transporter.
  2181 | D:3      | Found a transporter.
  2181 | D:3      | Noticed an ogre
  2182 | D:3      | Noticed qw's ghost (amateur GrHu)
  2185 | D:3      | Identified the +1 dire flail "Ishrumegg" {flame, rF+ Int+5}
  2185 | D:3      | Noticed an ogre
  2313 | D:3      | Reached skill level 6 in Ranged Weapons
  2313 | D:3      | 2313 ||| FLEEEEING.
  2393 | D:3      | Reached skill level 1 in Armour
  2451 | D:3      | HP: 3/32 [river rat (8)]
  2452 | D:3      | 2452 ||| DRINKING potion of heal wounds.
  2474 | D:3      | 2474 ||| FLEEEEING.
  2560 | D:3      | Found a glowing drain.
  2561 | D:3      | 2561 ||| UPGRADING to +0 ring mail.
  2571 | D:3      | 2571 ||| RIP SEWER
  2571 | D:3      | 2571 ||| PLANNING D:1-11
  2571 | D:3      | 2571 ||| DROPPING +0 leather armour.
  2623 | D:3      | 2623 ||| FLEEEEING.
  2950 | D:3      | 2950 ||| UPGRADING to +4 ring of protection.
  2951 | D:3      | 2951 ||| READING scroll of identify.
  2951 | D:3      | 2951 ||| IDENTIFYING sedimented pink potion
  2952 | D:3      | 2952 ||| READING scroll labelled ERPHIL EZUMENON.
  2952 | D:3      | Identified a scroll of acquirement
  2952 | D:3      | 2952 ||| ACQUIRING +0 shortbow of freezing
  2952 | D:3      | Acquired a +0 shortbow of freezing
  2954 | D:3      | 2954 ||| SWAPPING to +0 shortbow of freezing.
  2955 | D:3      | 2955 ||| DROPPING +1 shortbow.
  2956 | D:3      | 2956 ||| READING scroll labelled MEXTUSHRA HOGI.
  3066 | D:4      | Reached XP level 6. HP: 27/38 MP: 6/6
  3070 | D:4      | 3070 ||| FLEEEEING.
  3165 | D:4      | Noticed Pikel
  3169 | D:4      | 3169 ||| RETREEEEATING.
  3170 | D:4      | 3170 ||| RETREEEEATING.
  3171 | D:4      | 3171 ||| RETREEEEATING.
  3172 | D:4      | 3172 ||| RETREEEEATING.
  3173 | D:4      | 3173 ||| RETREEEEATING.
  3174 | D:4      | 3174 ||| RETREEEEATING.
  3175 | D:4      | 3175 ||| RETREEEEATING.
  3176 | D:4      | 3176 ||| RETREEEEATING.
  3177 | D:4      | 3177 ||| RETREEEEATING.
  3178 | D:4      | 3178 ||| RETREEEEATING.
  3179 | D:4      | 3179 ||| RETREEEEATING.
  3180 | D:4      | 3180 ||| RETREEEEATING.
  3181 | D:4      | 3181 ||| RETREEEEATING.
  3182 | D:4      | 3182 ||| RETREEEEATING.
  3199 | D:4      | HP: 4/38 [Pikel/+2 whip of freezing (6)]
  3201 | D:4      | Slain by Pikel

Levels and vault maps discovered:
D:1:      scummos_arrival_forest, layout_loops_ring,
          hellmonk_ecumenical_altar_zigzags
D:2:      layout_loops_corners
D:3:      layout_basic, gammafunk_ghost_smash, lightli_sewer_entry_pipes,
          wander_ebering_terrifying_dragon_lair
D:4:      layout_cave_pods, makhleb_blood_cavern_becter, uniq_pikel,
          uniq_menkaure

Skill      XL: |  1  2  3  4  5 |
---------------+----------------+-----
Ranged Weapons | 5 6 |  6.4
Fighting       | 3 4 |  4.1
Armour         | 1 |  1.1
Dodging        | |  1.5
Stealth        | |  1.1

Action                     |  1- 3 |  4- 6 || total
---------------------------+-------+-------++-------
  Melee: Shortbow          |       |     1 ||     1
   Fire: Shortbow          |    91 |   191 ||   282
    Use: Scroll            |     4 |     7 ||    11
         Potion            |       |     2 ||     2
 Armour: Leather armour    |    45 |    66 ||   111
         Ring mail         |       |    36 ||    36
  Dodge: Dodged            |    35 |    73 ||   108

Table legend:
 A = Non-vault XP
 B = Vault XP
 C = Vault XP percentage of total XP
 D = Non-vault monster count
 E = Vault monster count
 F = Vault count percentage of total count
                 A         B        C        D         E       F
            +---------+---------+-------+---------+---------+-------
      Total |     347 |      55 |  13.7 |      60 |       7 |  10.4
            +---------+---------+-------+---------+---------+-------
        D:1 |      45 |       0 |   0.0 |      23 |       0 |   0.0
        D:2 |      95 |       0 |   0.0 |      20 |       0 |   0.0
        D:3 |     122 |      55 |  31.1 |      15 |       7 |  31.8
        D:4 |      85 |       0 |   0.0 |       2 |       0 |   0.0
            +---------+---------+-------+---------+---------+-------
